 Dungeon Crawl Stone Soup version 0.27.0-1-g7a089689b8 (webtiles) character file.

Game seed: 5325569417538706519

141821 robertstho the Eclecticist (level 17, -18/103 HPs)
             Began as a Djinni Fire Elementalist on Aug 4, 2021.
             Was an Initiate of Gozag.
             Killed from afar by a quicksilver dragon (28 damage)
             ... with a bolt of dispelling energy
             ... on level 4 of the Snake Pit.
             The game lasted 01:08:15 (27380 turns).

robertstho the Eclecticist (DjFE)                  Turns: 27380, Time: 01:08:20

Health: -18/103    AC: 17    Str: 10    XL:     17   Next: 95%
Gold:   4264       EV: 14    Int: 23    God:    Gozag SH:  8 Dex: 21

rFire    + + .     SeeInvis +   P - +7 demon blade "Xytax" {vamp, MP+9 Str+3 Dex+4}
rCold    x . .     Faith    .   R - +0 kite shield {reflect}
rNeg     + . .     Spirit   .   x - +2 robe of Vines {NoPotionHeal Regen+++} rPois āˆž Reflect +
                                I - +2 helmet {SInv}
rElec    +         Harm     .   q - +2 cloak {Stlth+}
rCorr    .         Rampage  .   g - +2 pair of gloves {Stlth+}
Will     +....                  (boots unavailable)
Stlth    +++++.....             v - amulet of regeneration
HPRegen  4.27/turn              m - +4 ring of protection
MPRegen  0.00/turn              S - ring of Vaagem {rElec rN+ Dex+2 Slay+4}

@: weakened, flying
A: sickness immunity, fire resistance 2, cold vulnerability 1, float, innate
caster, hp casting, extra vitality 1
a: Renounce Religion, Potion Petition, Call Merchant, Bribe Branch


You were on level 4 of the Snake Pit.
You worshipped Gozag.
Gozag was most pleased with you.
You visited 5 branches of the dungeon, and saw 26 of its levels.
You also visited: Sewer, Ice Cave and Volcano.

You collected 9477 gold pieces.
You spent 3835 gold pieces at shops.
You paid 1378 gold pieces to Gozag.

Inventory:

Hand Weapons
 O - a +4 scimitar of flaming
 P - the +7 demon blade "Xytax" (weapon) {vamp, MP+9 Str+3 Dex+4}
   (You acquired it on level 13 of the Dungeon)

   It occasionally heals its wielder for a portion of the damage dealt when it
   wounds a living foe.
   Str:       It affects your strength (+3).
   Dex:       It affects your dexterity (+4).
   MP:        It affects your magic capacity (+9).
 X - the +5 triple sword "Neerph" {elec, rElec Int+4}
   (You bought it in a shop on level 5 of the Lair of Beasts)

   It occasionally discharges a powerful burst of electricity upon striking a
   foe.
   Int:       It affects your intelligence (+4).
   rElec:     It insulates you from electricity.
Armour
 g - a +2 pair of gloves of stealth (worn)
 q - a +2 cloak of stealth (worn)
 x - the +2 robe of Vines (worn) {NoPotionHeal Regen+++}
   (You found it on level 1 of the Lair of Beasts)

   Its wearer cannot be healed by potions.
   Regen:     It increases your rate of health regeneration.
 I - a +2 helmet of see invisible (worn)
 Q - the +0 ring mail of Hyroos {rC++ Int+3 Dex+7}
   (You found it on level 11 of the Dungeon)

   Int:       It affects your intelligence (+3).
   Dex:       It affects your dexterity (+7).
   rC:        It greatly protects you from cold.
 R - a +0 kite shield of reflection (worn)
Jewellery
 m - a +4 ring of protection (left hand)
 o - a ring of resist corrosion
 p - an amulet of reflection
 v - an amulet of regeneration (around neck)
 F - the ring of Vazxak {rC+ Will+}
   (You found it on level 13 of the Dungeon)

   [ring of willpower]

   rC:        It protects you from cold.
   Will:      It increases your willpower.
 G - the ring of Siups {+Blink rC- EV+4 Dex+7 Stlth+}
   (You found it on level 1 of the Lair of Beasts)

   [ring of evasion]

   EV:        It affects your evasion (+4).
   Dex:       It affects your dexterity (+7).
   rC:        It makes you vulnerable to cold.
   +Blink:    It lets you blink.
   Stlth:     It makes you more stealthy.
 M - the ring "Zazeal" {+Blink EV+4}
   (You found it on level 10 of the Dungeon)

   [ring of evasion]

   EV:        It affects your evasion (+4).
   +Blink:    It lets you blink.
 N - a ring of ice
 S - the ring of Vaagem (right hand) {rElec rN+ Dex+2 Slay+4}
   (You bought it in a shop on level 3 of the Snake Pit)

   [ring of slaying]

   Dex:       It affects your dexterity (+2).
   Slay:      It affects your accuracy & damage with ranged weapons and melee
   (+4).
   rElec:     It insulates you from electricity.
   rN:        It protects you from negative energy.
 V - the ring "Tamoud" {Contam rC+ rN++}
   (You found it on level 2 of the Lair of Beasts)

   [ring of protection from cold]

   rC:        It protects you from cold.
   rN:        It greatly protects you from negative energy.
   Contam:    It causes magical contamination when unequipped.
Wands
 s - a wand of digging (5)
 A - a wand of mindburst (18)
 U - a wand of iceblast (18)
 Z - a wand of acid (3)
Scrolls
 a - 3 scrolls of enchant armour
 e - a scroll of holy word
 i - a scroll of fog
 k - 8 scrolls of teleportation
 l - 5 scrolls of vulnerability
 r - 3 scrolls of magic mapping
 t - 2 scrolls of summoning
 u - a scroll of blinking
 y - 3 scrolls of enchant weapon
 z - a scroll of fear
 B - 2 scrolls of brand weapon
 D - 4 scrolls of identify
 H - 6 scrolls of immolation
 J - 3 scrolls of torment
 W - a scroll of silence
Potions
 b - 3 potions of resistance
 c - 4 potions of mutation
 d - 4 potions of berserk rage
 f - 6 potions of heal wounds
 h - 6 potions of brilliance
 C - a potion of invisibility
 E - 2 potions of might
 K - 5 potions of haste
 L - a potion of ambrosia
 T - 6 potions of curing
 Y - a potion of cancellation
Miscellaneous
 j - a lightning rod (4/4)
 n - a condenser vane
 w - a box of beasts


   Skills:
 + Level 4.1 Fighting
 + Level 4.5 Long Blades
 + Level 0.5 Maces & Flails
 + Level 4.2 Armour
 + Level 7.4 Dodging
 + Level 5.7 Stealth
 + Level 1.6 Shields
 + Level 20.2 Spellcasting
 + Level 3.2 Evocations


You had 9 spell levels left.
You knew the following spells:

 Your Spells              Type           Power      Damage    Failure   Level
a - Foxfire               Conj/Fire      100%       2x1d9     0%          1
b - Conjure Flame         Conj/Fire      86%        6-21      0%          3
c - Inner Flame           Hex/Fire       86%        N/A       0%          3
d - Sticky Flame          Conj/Fire      86%        2d10      1%          4
e - Fireball              Conj/Fire      43%        3d17      1%          5
f - Magic Dart            Conj           100%       1d8       0%          1
g - Static Discharge      Conj/Air       86%        N/A       0%          2
h - Searing Ray           Conj           100%       3d7       0%          2
i - Vampiric Draining     Necr           43%        2d12      0%          3
j - Alistair's Intoxicat  Tmut/Pois      57%        N/A       1%          5
k - Bolt of Magma         Conj/Fire/Erth 43%        4d18      1%          5
l - Iron Shot             Conj/Erth      43%        9d8       1%          6
m - Monstrous Menagerie   Summ           43%        N/A       2%          7
Your spell library was empty.

Dungeon Overview and Level Annotations

Branches:
Dungeon (13/15)            Temple (1/1) D:4            Lair (6/6) D:11
 Shoals (0/4) Lair:3        Snake (4/4) Lair:4        Slime (0/5) Lair:6
    Orc (2/2) D:12            Elf (0/3) Orc:2        Vaults (0/5) D:13
  Sewer (visited)           IceCv (visited)         Volcano (visited)

Altars:
Ashenzari
Dithmenos
Elyvilon
Fedhas
Gozag
Hepliaklqana
Makhleb
Nemelex Xobeh
Okawaru
Trog
Uskayaw
Vehumet
Wu Jian
Xom
Yredelemnul
Zin
The Shining One
Beogh
Jiyva

Shops:
D:4 **   D:8 ?   D:10 =   Orc:1 (   Orc:2 [[**   Lair:5 *   Snake:1 !=?[
Snake:3 :==

Annotations:
D:3 2 transporters
D:4 Amulet regen
D:7 2 transporters, jejorda2's ghost, novice MfWn
D:10 1310 ring


Innate Abilities, Weirdness & Mutations

You are immune to sickness and miasma.
You are immune to poison.
Your flesh is very heat resistant. (rF++)
You are vulnerable to cold. (rC-)
You float through the air rather than walking.
You learn spells naturally, not from books.
Your magical power is your life essence.
You have superior vitality. (+4 HP)


Message History

The salamander tyrant is heavily wounded.
The salamander tyrant gazes fiercely through you!
You feel your attacks grow feeble.
The quicksilver dragon breathes dispelling energy at you.
The bolt of dispelling energy hits you!!
Your magical effects are unravelling.
Casting: Iron Shot (mildly dangerous; 1% risk of failure)
Confirm with . or Enter, or press ? or * to list all spells.
Aiming: Iron Shot (mildly dangerous; 1% risk of failure)
Press: ? - help, Shift-Dir - straight line, f/p - salamander tyrant
Aim: a salamander tyrant (heavily wounded, 85% to hit)
The iron shot hits the salamander tyrant!!
The salamander tyrant is almost dead.
* * * LOW HITPOINT WARNING * * *
Your attacks no longer feel as feeble.
The salamander tyrant gazes fiercely through you!
You feel your attacks grow feeble.
Casting: Iron Shot (mildly dangerous; 1% risk of failure)
Confirm with . or Enter, or press ? or * to list all spells.
Aiming: Iron Shot (mildly dangerous; 1% risk of failure)
Press: ? - help, Shift-Dir - straight line, f/p - salamander tyrant
Aim: a salamander tyrant (almost dead, 85% to hit)
The iron shot misses the salamander tyrant.
* * * LOW HITPOINT WARNING * * *
The salamander tyrant calls gouts of flame from the lava!
The flame surge hits you! You resist.
* * * LOW HITPOINT WARNING * * *
The quicksilver dragon bites you.
* * * LOW HITPOINT WARNING * * *
The quicksilver dragon claws you!
* * * LOW HITPOINT WARNING * * *
Unknown command.
Blink to where?
Press: ? - help, Dir - move target, p - salamander tyrant
As you read the scroll of blinking, it crumbles to dust.
The quicksilver dragon breathes dispelling energy at you.
The bolt of dispelling energy hits you!!
Your magical effects are unravelling.
You die...
Your body crumbles into a pile of gold.

....#..#########
##8.######.....#
#..##+......## #...##
#.....# ### ##N.....#
......# #.....# $
##'##.......^...# #.....#
##..[##..#..#...## #....!.
#.)ā‰ˆD.#
#####.#######...... #8.āŒ
Nā‰ˆ'.#####..#............
#...[)#..#.....#............
##.8.##....@..##............
#####.....######...##......
.....### #...##...... ....
#...##...... #..
#...##...... ## #...##......
#...##...... #...##......
#...######..


You could see a quicksilver dragon (catching breath) and a salamander tyrant.

Vanquished Creatures
  5 nagarajas
  An orc warlord (Orc:2)
  A stone giant (Volcano)
  A very ugly thing (D:13)
  Nessos (D:12)
  A white draconian (IceCv)
  The ghost of Sobieck the Destroyer, a journeyman DrCj of Hepliaklqana (Lair:3)
  Snorg (Orc:1)
  A fire dragon (Lair:6)
  Harold (Lair:2)
  Erolcha (D:12)
  2 boulder beetles
  8 naga warriors
  10 hydras
  2 centaur warriors (D:13)
  2 salamander tyrants (Snake:4)
  Erica (D:11)
  A tengu warrior (D:12)
  3 death yaks (Lair:6)
  6 anacondas
  8 two-headed ogres
  10 shock serpents
  10 naga sharpshooters
  3 orc high priests (Orc:2)
  Urug (Orc:1)
  Nergalle (Lair:1)
  A fire crab (Lair:6)
  3 salamander mystics
  An obsidian statue (Volcano)
  4 naga ritualists
  2 wizards (D:13)
  Pikel (D:4)
  4 orc knights (Orc:2)
  2 mana vipers
  4 lindwurms (Lair:3)
  A deep elf pyromancer (D:12)
  7 salamanders
  6 oklob plants
  7 orc sorcerers
  A cyclops (D:12)
  A manticore (D:13)
  8 ugly things
  A merfolk siren (Lair:3)
  42 black mambas
  2 ice statues (IceCv)
  4 elephants (Lair:3)
  7 naga magi
  Joseph (D:8)
  12 cane toads
  A gargoyle (Volcano)
  4 guardian serpents (Snake:4)
  3 molten gargoyles (Lair:6)
  A kobold demonologist (D:9)
  Maggie (D:8)
  A yaktaur (D:13)
  An efreet (Volcano)
  Psyche (D:8)
  9 komodo dragons
  5 rime drakes
  10 trolls
  15 blink frogs
  Prince Ribbit (D:7)
  A hornet (D:8)
  Sigmund (D:2)
  4 wraiths
  A vampire (D:13)
  A fire elemental (Volcano)
  3 shadows
  6 wyverns
  8 basilisks
  6 fire bats (Volcano)
  22 yaks
  2 steam dragons (D:10)
  Menkaure (D:4)
  An acid dragon (D:10)
  A warg (Orc:1)
  18 nagas
  23 water moccasins
  3 hell hounds (Lair:6)
  21 orc warriors
  4 sky beasts
  2 black bears
  A necrophage (D:6)
  An ice beast (D:8)
  9 ogres
  17 wolves
  19 centaurs
  10 kobold brigands (D:9)
  A gnoll sergeant (D:8)
  13 bullfrogs
  3 scorpions
  A water moccasin skeleton (D:6)
  3 elephant simulacra (Lair:6)
  5 lindwurm simulacra (IceCv)
  2 howler monkeys (D:9)
  4 electric eels
  10 lava snakes
  7 centaur zombies
  2 bullfrog zombies
  5 hounds
  2 jellies
  8 komodo dragon simulacra (IceCv)
  15 orc priests
  2 bullfrog skeletons
  Crazy Yiuf (D:3)
  A centaur skeleton (D:3)
  2 iguanas
  Ijyb (D:4)
  16 orc wizards
  Natasha (thrice) (D:3)
  2 wolf simulacra (Lair:6)
  A killer bee zombie (D:7)
  A hound skeleton (D:4)
  2 howler monkey zombies
  3 acid dragon simulacra (IceCv)
  13 adders
  A howler monkey skeleton (D:7)
  A shadow imp (D:8)
  3 white imps
  5 steam dragon simulacra (IceCv)
  2 ufetubi
  A worm (D:3)
  A dart slug (D:4)
  75 orcs
  22 ball pythons
  11 endoplasms
  14 giant cockroaches
  4 hobgoblins
  12 jackals
  13 quokkas
  A bat (D:1)
  15 frilled lizards
  8 goblins
  23 kobolds
  7 rats
792 creatures vanquished.

Vanquished Creatures (collateral kills)
  Donald (Snake:3)
  A shock serpent (Snake:3)
  A black mamba (Snake:3)
  2 foxfires (D:5)
5 creatures vanquished.

Vanquished Creatures (others)
  2 dancing weapons (D:13)
  An orc (Orc:2)
  977 foxfires
  17 fungi
  44 plants
1041 creatures vanquished.

Grand Total: 1838 creatures vanquished

Notes
Turn   | Place    | Note
-------+----------+-------------------------------------------
     0 | D:1      | robertstho the Djinni Fire Elementalist began the quest for
                  | the Orb.
     0 | D:1      | Reached XP level 1. HP: 15/15 MP: 0/0
   239 | D:1      | Reached XP level 2. HP: 16/21 MP: 0/0
   489 | D:1      | Found a faded altar of an unknown god.
   976 | D:1      | Reached skill level 3 in Spellcasting
  1214 | D:1      | Reached XP level 3. HP: 9/25 MP: 0/0
  1214 | D:1      | Learned a level 1 spell: Magic Dart
  1739 | D:2      | Noticed Sigmund
  1747 | D:2      | Killed Sigmund
  1748 | D:2      | Reached skill level 4 in Spellcasting
  1748 | D:2      | Reached XP level 4. HP: 11/31 MP: 0/0
  1748 | D:2      | Reached XP level 5. HP: 12/35 MP: 0/0
  1748 | D:2      | Learned a level 2 spell: Static Discharge
  1748 | D:2      | Reached XP level 6. HP: 14/40 MP: 0/0
  2387 | D:2      | Reached skill level 5 in Spellcasting
  3038 | D:3      | Noticed Natasha
  3043 | D:3      | Killed Natasha
  3113 | D:3      | Found a transporter.
  3125 | D:3      | Found a glowing golden altar of the Shining One.
  3139 | D:3      | Reached XP level 7. HP: 43/45 MP: 0/0
  3139 | D:3      | Learned a level 2 spell: Searing Ray
  3398 | D:3      | Noticed Natasha
  3402 | D:3      | Killed Natasha
  3470 | D:3      | Found a transporter.
  3551 | D:3      | Found a blossoming altar of Fedhas.
  3744 | D:3      | Noticed Natasha
  3748 | D:3      | Killed Natasha
  3859 | D:3      | Found a runed translucent door.
  3860 | D:3      | Noticed Crazy Yiuf
  3972 | D:3      | Killed Crazy Yiuf
  4034 | D:4      | Noticed Menkaure
  4038 | D:4      | Killed Menkaure
  4040 | D:4      | Noticed Ijyb
  4057 | D:4      | Killed Ijyb
  4058 | D:4      | Reached skill level 6 in Spellcasting
  4518 | D:4      | Found a broken altar of Ashenzari.
  4547 | D:4      | Found a shadowy altar of Dithmenos.
  4789 | D:4      | Noticed Pikel
  4805 | D:4      | Killed Pikel
  4806 | D:4      | Reached skill level 7 in Spellcasting
  4806 | D:4      | Reached XP level 8. HP: 28/51 MP: 0/0
  4985 | D:4      | Found a staircase to the Ecumenical Temple.
  5002 | Temple   | Entered the Ecumenical Temple
  5034 | Temple   | Became a worshipper of Gozag Ym Sagoz the Greedy
  5074 | D:4      | Found Ygauraci's Neck Hole.
  5408 | D:4      | Found Luhuirch's General Store.
  5416 | D:4      | Bought a scroll of identify for 26 gold pieces
  5448 | D:5      | Entered Level 5 of the Dungeon
  5578 | D:5      | Found a bloodstained altar of Trog.
  5645 | D:5      | Reached XP level 9. HP: 32/56 MP: 0/0
  5645 | D:5      | Learned a level 3 spell: Vampiric Draining
  5775 | D:5      | Found a glowing drain.
  5801 | Sewer    | Entered a sewer
  6287 | Sewer    | Reached skill level 8 in Spellcasting
  6812 | D:5      | Found a basalt altar of Yredelemnul.
  7041 | D:5      | Found a sparkling altar of Nemelex Xobeh.
  7422 | D:4      | Bought an amulet of regeneration for 330 gold pieces
  7588 | D:6      | Noticed a +0 falchion
  7610 | D:6      | Found a burning altar of Makhleb.
  7756 | D:6      | Noticed a +0 spear
  7757 | D:6      | Noticed a +0 falchion
  7757 | D:6      | Noticed a +0 dagger
  7758 | D:6      | Noticed a +0 short sword
  7759 | D:6      | Noticed a +0 short sword
  7759 | D:6      | Noticed a +0 spear
  7760 | D:6      | Noticed a +0 dagger
  7853 | D:6      | Found a hide-covered altar of Uskayaw.
  7878 | D:6      | Reached skill level 9 in Spellcasting
  7999 | D:6      | Found an ornate altar of the Wu Jian Council.
  8136 | D:7      | Noticed Prince Ribbit
  8161 | D:7      | Killed Prince Ribbit
  8174 | D:7      | Found a white marble altar of Elyvilon.
  8474 | D:7      | Reached XP level 10. HP: 47/61 MP: 0/0
  8634 | D:7      | Noticed an eight-headed hydra
  8635 | D:7      | Noticed jejorda2's ghost (novice MfWn)
  8638 | D:7      | Found a transporter.
  8787 | D:7      | Found a transporter.
  9311 | D:8      | Noticed a two-headed ogre
  9314 | D:8      | Killed a two-headed ogre
  9315 | D:8      | Reached skill level 10 in Spellcasting
  9454 | D:8      | Noticed Maggie
  9460 | D:8      | Killed Maggie
  9596 | D:4      | Bought a +0 pair of gloves for 58 gold pieces
  9875 | D:8      | Noticed a boulder beetle
  9899 | D:8      | Killed a boulder beetle
  9900 | D:8      | Reached skill level 1 in Fighting
  9900 | D:8      | Reached skill level 11 in Spellcasting
  9900 | D:8      | Reached XP level 11. HP: 35/67 MP: 0/0
  9900 | D:8      | Learned a level 5 spell: Alistair's Intoxication
 10068 | D:8      | Noticed Psyche
 10085 | D:8      | Killed Psyche
 10266 | D:8      | Noticed Joseph
 10272 | D:8      | Killed Joseph
 10566 | D:8      | Bought a scroll of teleportation for 42 gold pieces
 10566 | D:8      | Bought a scroll of immolation for 49 gold pieces
 10566 | D:8      | Bought a scroll of blinking for 105 gold pieces
 10701 | D:9      | Reached skill level 12 in Spellcasting
 10947 | D:9      | Reached skill level 5 in Stealth
 11266 | D:10     | Entered Level 10 of the Dungeon
 11266 | D:10     | Found Useyfo's Jewellery Shop.
 11376 | D:10     | Noticed a two-headed ogre
 11381 | D:10     | Killed a two-headed ogre
 11593 | D:10     | Reached skill level 13 in Spellcasting
 11612 | D:10     | Reached XP level 12. HP: 65/73 MP: 0/0
 11812 | D:10     | Identified the ring "Zazeal" {+Blink EV+4}
 11935 | D:10     | Found an iron altar of Okawaru.
 12260 | D:11     | Found a staircase to the Lair.
 12456 | D:11     | Noticed a two-headed ogre
 12462 | D:11     | Killed a two-headed ogre
 12662 | D:11     | Noticed Erica
 12665 | D:11     | Killed Erica
 12849 | D:11     | Identified the +0 ring mail of Hyroos {rC++ Int+3 Dex+7}
 13044 | Lair:1   | Entered Level 1 of the Lair of Beasts
 13060 | Lair:1   | Noticed an eight-headed hydra
 13065 | Lair:1   | Killed an eight-headed hydra
 13065 | Lair:1   | Noticed a seven-headed hydra
 13069 | Lair:1   | Killed a seven-headed hydra
 13070 | Lair:1   | Reached skill level 14 in Spellcasting
 13078 | Lair:1   | Reached skill level 1 in Long Blades
 13190 | Lair:1   | Found the +2 robe of Vines {NoPotionHeal Regen+++}
 13327 | Lair:1   | Identified the ring of Siups {+Blink rC- EV+4 Dex+7 Stlth+}
 13539 | Lair:1   | Noticed a six-headed hydra
 13543 | Lair:1   | Killed a six-headed hydra
 13566 | Lair:1   | Reached XP level 13. HP: 75/78 MP: 0/0
 13566 | Lair:1   | Learned a level 5 spell: Bolt of Magma
 13861 | Lair:2   | Noticed Harold
 13869 | Lair:2   | Killed Harold
 13913 | Lair:2   | Noticed Nergalle
 13933 | Lair:1   | Killed Nergalle
 14100 | Lair:2   | Identified the ring "Tamoud" {Contam rC+ rN++}
 14315 | Lair:3   | Reached skill level 15 in Spellcasting
 14315 | Lair:3   | Found a staircase to the Shoals.
 14316 | Lair:3   | Noticed a four-headed hydra
 14323 | Lair:3   | Killed a four-headed hydra
 14391 | Lair:3   | Found a runed translucent door.
 14392 | Lair:3   | Noticed Sobieck's ghost (journeyman DrCj)
 14406 | Lair:3   | Found a dark tunnel.
 14410 | Volcano  | Entered a volcano
 14658 | Volcano  | Noticed a stone giant
 14670 | Volcano  | Killed a stone giant
 14671 | Volcano  | Reached skill level 5 in Dodging
 15094 | Lair:3   | Identified the +0 ring mail of the Game Afoot {+Inv rF+++
                  | rC+ Str-2}
 15238 | Lair:3   | Reached skill level 1 in Evocations
 15440 | Lair:3   | Killed Sobieck's ghost
 15615 | Lair:3   | Reached XP level 14. HP: 40/85 MP: 0/0
 15699 | Lair:4   | Reached skill level 16 in Spellcasting
 16054 | Lair:4   | Found a staircase to the Snake Pit.
 17175 | Lair:5   | Bought an iridescent triple sword for 465 gold pieces
 17175 | Lair:5   | Identified the +5 triple sword "Neerph" {elec, rElec Int+4}
                  | (You bought it in a shop on level 5 of the Lair of Beasts)
 17175 | Lair:5   | Bought 2 potions of resistance for 620 gold pieces
 17175 | Lair:5   | Bought a pair of runed gloves for 232 gold pieces
 17175 | Lair:5   | Bought a scroll of identify for 62 gold pieces
 17218 | Lair:6   | Entered Level 6 of the Lair of Beasts
 17409 | Lair:6   | Reached skill level 17 in Spellcasting
 17424 | Lair:6   | Found a large runed translucent door.
 17424 | Lair:6   | Found a large runed translucent door.
 17623 | Lair:6   | Reached XP level 15. HP: 91/92 MP: 0/0
 17623 | Lair:6   | Learned a level 6 spell: Iron Shot
 17685 | Lair:6   | Found a viscous altar of Jiyva.
 17686 | Lair:6   | Found a staircase to the Slime Pits.
 17704 | Lair:6   | Found a frozen archway.
 17738 | IceCv    | Entered an ice cave
 19202 | D:12     | Reached skill level 1 in Armour
 19301 | D:12     | Noticed Erolcha
 19306 | D:12     | Killed Erolcha
 19494 | D:12     | Noticed Nessos
 19496 | D:12     | Identified the +5 hunting sling "Orb Guardian's Bane"
                  | {freeze, +Blink Str+4}
 19499 | D:12     | Killed Nessos
 19556 | D:12     | Found a staircase to the Orcish Mines.
 20157 | D:13     | Reached skill level 18 in Spellcasting
 20248 | D:13     | Found a gate to the Vaults.
 20940 | D:13     | Noticed a white very ugly thing
 20942 | D:13     | Killed a white very ugly thing
 21015 | D:13     | Identified the ring of Vazxak {rC+ Will+}
 21056 | D:13     | Identified a scroll of acquirement
 21063 | D:13     | Identified the +1 robe of the Black Moon {rC+ Str+4 Slay-5}
 21069 | D:13     | Identified the +1 great mace of Death {spect, Fly}
 21072 | D:13     | Acquired the +7 demon blade "Xytax" {vamp, MP+9 Str+3
                  | Dex+4}
 21194 | Orc:1    | Entered Level 1 of the Orcish Mines
 21194 | Orc:1    | Noticed Snorg
 21194 | Orc:1    | Noticed Urug
 21202 | Orc:1    | Killed Snorg
 21203 | Orc:1    | Reached XP level 16. HP: 53/97 MP: 0/0
 21374 | Orc:1    | Killed Urug
 21568 | Orc:1    | Found Qeushiwu's Weapon Shop.
 21698 | Orc:2    | Entered Level 2 of the Orcish Mines
 22459 | Orc:2    | Found a staircase to the Elven Halls.
 22850 | Orc:2    | Found Ymep Vimn's Assorted Antiques.
 22850 | Orc:2    | Found Geidafru's General Store.
 22854 | Orc:2    | Found Siazuo's Armour Shoppe.
 22854 | Orc:2    | Found Pucsu's Antique Armour Boutique.
 22872 | Orc:2    | Bought a scroll of identify for 46 gold pieces
 22877 | Orc:2    | Bought a glowing helmet for 195 gold pieces
 22877 | Orc:2    | Bought a shiny helmet for 195 gold pieces
 23709 | Snake:1  | Entered Level 1 of the Snake Pit
 23735 | Snake:1  | Identified the +7 ring mail of Tisuh {Dex+4}
 23950 | Snake:1  | Reached skill level 1 in Shields
 23953 | Snake:1  | Reached skill level 19 in Spellcasting
 24256 | Snake:1  | Found Xaem's Jewellery Boutique.
 24258 | Snake:1  | Found Vyuful's Distillery.
 24269 | Snake:1  | Bought a potion of attraction for 36 gold pieces
 24269 | Snake:1  | Bought a potion of curing for 36 gold pieces
 24269 | Snake:1  | Bought a potion of degeneration for 12 gold pieces
 24269 | Snake:1  | Bought a potion of curing for 36 gold pieces
 24276 | Snake:1  | Found Ynaeni's Magic Scroll Boutique.
 24276 | Snake:1  | Found Hauz's Armour Emporium.
 24285 | Snake:1  | Bought a scroll of enchant armour for 97 gold pieces
 24285 | Snake:1  | Bought a scroll of identify for 26 gold pieces
 24285 | Snake:1  | Bought a scroll of teleportation for 39 gold pieces
 24285 | Snake:1  | Bought a scroll of identify for 26 gold pieces
 24530 | Snake:2  | Noticed a nagaraja
 24537 | Snake:2  | Killed a nagaraja
 24660 | Snake:2  | Reached XP level 17. HP: 94/103 MP: 0/0
 24660 | Snake:2  | Learned a level 7 spell: Monstrous Menagerie
 25539 | Snake:3  | Noticed Donald
 25547 | Snake:3  | Killed Donald
 26031 | Snake:3  | Found Vedwati's Book Shoppe.
 26031 | Snake:3  | Found Qacvoyqu's Jewellery Shop.
 26032 | Snake:3  | Found Niog's Jewellery Shop.
 26038 | Snake:3  | Bought the ring of Vaagem {rElec rN+ Dex+2 Slay+4} for 1102
                  | gold pieces
 26519 | Snake:4  | Entered Level 4 of the Snake Pit
 26573 | Snake:4  | Identified the +5 plate armour of Gravity {rF+ Str+3 Int-3
                  | Dex-3 Stlth+}
 27083 | Snake:4  | Reached skill level 20 in Spellcasting
 27374 | Snake:4  | Noticed a quicksilver dragon
 27379 | Snake:4  | HP: 5/103 [quicksilver dragon (12)]
 27380 | Snake:4  | Killed from afar by a quicksilver dragon

Illustrated notes

Levels and vault maps discovered:
D:1:      dpeg_arrival_rhombi, layout_basic,
          hellmonk_ecumenical_altar_inner_sanctum
D:2:      layout_basic, uniq_sigmund
D:3:      gammafunk_steamed_eel, layout_basic, mainiacjoe_overflow_brackets,
          old_standard_altar, uniq_natasha, uniq_crazy_yiuf_cottage
D:4:      layout_cave_pods, mainiacjoe_overflow_large_starburst,
          minmay_temple_entry_junction_2, serial_shops, shop,
          nicolae_shop_sticking_my_neck_out, uniq_menkaure, uniq_pikel,
          uniq_ijyb
D:5:      layout_gridville, mainiacjoe_overflow_surrounded_room,
          nemelex_spade_bored_becter, yredelemnul_altar_generic,
          gup_sewer_entry_glass, chequers_serial_rivers_micro_b,
          ebering_dispersal_statue_hall
D:6:      layout_cave_pools, nicolae_uskayaw_en_pointe,
          mainiacjoe_overflow_24_doors, pdpol_wu_jian_five_deadly_venoms,
          hangedman_glass_garden, chequers_serial_rivers_micro_c
D:7:      layout_layer_cave, nicolae_elyvilon_temple_path,
          gammafunk_ghost_arena, uniq_prince_ribbit1
D:8:      minmay_thinvault, layout_basic, uniq_psyche, uniq_joseph, uniq_maggie
D:9:      layout_rooms, special_room [special_room_kobold]
D:10:     layout_irregular_city, kennysheep_okawaru_gauntlet, serial_shops,
          nicolae_stop_n_shop_1, hangedman_misty_isle
D:11:     layout_stronghold, erik_lair_island, uniq_erica
D:12:     layout_gridville, orc_0_dummy, uniq_erolcha, uniq_nessos
D:13:     cheibrodos_breeding_chamber, layout_cave_pools, erik_vaults_1,
          roderic_lattice_a
Temple:   compressed_dpeg_circular_temple
Lair:1:   layout_misc_corridors, hellmonk_guarded_unrand_vines
Lair:2:   layout_big_grid, uniq_nergalle, uniq_harold
Lair:3:   dpeg_oklob_gauntlet, layout_gridlike,
          minmay_shoals_entry_lonely_mermaid, nicolae_volcano_entry_lava_flow,
          ebering_ghost_reflecting_pool, minmay_lindwurm_lava
Lair:4:   beast_lair_carwin_large_4, layout_regular_city,
          minmay_snake_entry_guardpost_small, chequers_serial_rivers_marsh,
          serial_bayou_shore_a
Lair:5:   layout_loops_ring
Lair:6:   cheibrodos_lair_end_hotspot, layout_gridlike, slime_altar_1,
          portal_ice_cave_entry_ice_simulacra, minivault_26
Snake:1:  layout_misc_corridors, nicolae_snake_serpentine_bazaar
Snake:2:  layout_onion_interference, nicolae_snake_linked_coils
Snake:3:  layout_chambers, minmay_shop_grove, uniq_donald
Snake:4:  hellmonk_snake_rune_quicksilver_temple, layout_basic,
          lemuel_fruit_tree
Orc:1:    layout_caves, serial_shops, nicolae_shop_competitors_out_of_business,
          basic_altar, uniq_snorg, uniq_urug
Orc:2:    grunt_orc_tribal_feast, layout_diamond_mine, minmay_orc_temple_b

Skill      XL: |  1  2  3  4  5  6  7  8  9 10 11 12 13 14 15 16 17 |
---------------+----------------------------------------------------+-----
Spellcasting   | 3 4 5 7 9 11 13 14 15 17 18 19 20 | 20.2
Stealth        | 2 3 4 5 |  5.7
Dodging        | 3 4 5 6 7 |  7.4
Fighting       | 1 2 3 4 |  4.1
Long Blades    | 1 3 4 |  4.5
Evocations     | 1 3 |  3.2
Armour         | 3 4 |  4.2
Shields        | 1 |  1.6
Maces & Flails | |  0.5

Action                   |  1- 3 |  4- 6 |  7- 9 | 10-12 | 13-15 | 16-18 || total
-------------------------+-------+-------+-------+-------+-------+-------++-------
Melee: Dagger            |       |     1 |     1 |       |       |       ||     2
       Whip              |       |       |     5 |     2 |       |       ||     7
       Scimitar          |       |       |       |     3 |       |       ||     3
       Demon blade       |       |       |       |       |       |     6 ||     6
 Cast: Foxfire           |    65 |    72 |   431 |    21 |       |       ||   589
       Static Discharge  |       |     3 |       |       |       |       ||     3
       Sticky Flame      |       |       |     4 |    15 |    17 |     6 ||    42
       Fireball          |       |       |     1 |   204 |   266 |   239 ||   710
       Vampiric Draining |       |       |       |     1 |       |       ||     1
       Searing Ray       |       |       |       |     1 |     5 |       ||     6
       Magic Dart        |       |       |       |       |    88 |       ||    88
       Bolt of Magma     |       |       |       |       |   114 |    10 ||   124
       Alistair's Intoxi |       |       |       |       |     5 |     3 ||     8
       Iron Shot         |       |       |       |       |    15 |   115 ||   130
       Monstrous Menager |       |       |       |       |       |     4 ||     4
Invok: Call Merchant     |       |       |       |     1 |     1 |       ||     2
Evoke: Wand              |       |       |       |       |    15 |       ||    15
  Use: Scroll            |       |       |     5 |     8 |    12 |     8 ||    33
       Potion            |       |       |     2 |     1 |     1 |     1 ||     5
 Stab: Sleeping          |       |       |       |       |       |     1 ||     1
Armor: Robe              |     4 |     3 |     6 |     2 |    21 |    14 ||    50
       Steam dragon scal |       |       |       |    23 |       |       ||    23
       Ring mail         |       |       |       |       |     9 |     1 ||    10
Dodge: Dodged            |     9 |     2 |    16 |    19 |   109 |    67 ||   222
Block: Other             |       |       |       |       |     3 |    11 ||    14
       Reflection        |       |       |       |       |       |     1 ||     1
       Kite shield       |       |       |       |       |       |     6 ||     6
       Rpst.: Scimitar   |       |       |       |     1 |    17 |       ||    18
       Triple sword      |       |       |       |       |     1 |       ||     1
       Demon blade       |       |       |       |       |       |    10 ||    10
